 Dungeon Crawl Stone Soup version 0.30-a0-4-ga7cffc901d (webtiles) character file.

Game seed: 14420539962708406213

132600 Plasmagod the Executioner (level 16, -3/151 HPs)
             Began as a Minotaur Berserker on Aug 21, 2022.
             Was a High Priest of Trog.
             Slain by a tengu reaver
             ... wielding a +0 bardiche
              (22 damage)
             ... on level 5 of the Abyss.
             The game lasted 01:19:18 (20158 turns).

Plasmagod the Executioner (Minotaur Berserker)     Turns: 20158, Time: 01:19:18

Health: -3/151     AC: 26    Str: 27    XL:     16   Next: 57%
Magic:  15/15      EV: 10    Int: 11    God:    Trog [*****.]
Gold:   1328       SH:  0    Dex: 14    Spells: 15/15 levels left

rFire   + . .      SeeInvis +    k - +10 broad axe of the Puffin {vorpal, rPois Str+2}
rCold   + . .      Faith    .    (no shield)
rNeg    . . .      Spirit   .    a - +1 crystal plate armour of Time Monsters {+Blink rCorr Int-3 Dex+3}
rPois   +          Reflect  .    (helmet restricted)
rElec   +          Harm     .    Y - scarf {rC+ rF+}
rCorr   +          Rampage  .    M - +1 pair of gloves of Weirdness {Slay+5}
Will    +++..                    (no boots)
Stlth   ..........               c - amulet of regeneration
HPRegen 2.15/turn                s - ring of see invisible
MPRegen 0.14/turn                L - ring "Wadoweep" {rElec rPois Str-2 Int+8 Slay+2}

@: strong-willed, regenerating, hasted, invisible, very quick
A: horns 2, retaliatory headbutt
a: Renounce Religion, Evoke Blink, Berserk, Trog's Hand, Brothers in Arms


You were on level 5 of the Abyss.
You worshipped Trog.
Trog was extremely pleased with you.
You visited 3 branches of the dungeon, and saw 21 of its levels.
You visited the Abyss 1 time.
You also visited: Sewer, Bailey, Gauntlet and Ice Cave.

You collected 1778 gold pieces.
You spent 450 gold pieces at shops.

Inventory:

Hand Weapons
 k - the +10 broad axe of the Puffin (weapon) {vorpal, rPois Str+2}
   (Trog gifted it to you on level 5 of the Abyss)

   It inflicts extra damage upon your enemies.
   Str:       It affects your strength (+2).
   rPois:     It protects you from poison.
 r - a +3 vorpal executioner's axe
 K - a +4 battleaxe of flaming
Missiles
 J - a throwing net (quivered)
Armour
 a - the +1 crystal plate armour of Time Monsters (worn) {+Blink rCorr Int-3 Dex+3}
   (You acquired it on level 8 of the Dungeon)

   Int:       It affects your intelligence (-3).
   Dex:       It affects your dexterity (+3).
   +Blink:    It lets you blink.
   rCorr:     It protects you from acid and corrosion.
 M - the +1 pair of gloves of Weirdness (worn) {Slay+5}
   (You bought it in a shop on level 7 of the Dungeon)

   Slay:      It affects your accuracy & damage with ranged weapons and melee
   (+5).
 W - a +2 tower shield of cold resistance
 Y - a scarf of resistance (worn)
Jewellery
 c - an amulet of regeneration (around neck)
 s - a ring of see invisible (left hand)
 t - the ring "Oreismux" {Fly rF+++ Str-4 Int-3 Dex+6}
   (You found it in a Gauntlet)

   [ring of dexterity]

   Str:       It affects your strength (-4).
   Int:       It affects your intelligence (-3).
   Dex:       It affects your dexterity (+6).
   rF:        It renders you almost immune to fire.
   Fly:       It grants you flight.
 B - a +4 ring of protection
 C - a ring of ice
 L - the ring "Wadoweep" (right hand) {rElec rPois Str-2 Int+8 Slay+2}
   (You found it in a bailey)

   [ring of poison resistance]

   Str:       It affects your strength (-2).
   Int:       It affects your intelligence (+8).
   Slay:      It affects your accuracy & damage with ranged weapons and melee
   (+2).
   rElec:     It insulates you from electricity.
   rPois:     It protects you from poison.
 O - a +6 ring of strength
 V - the ring "Geco" {Ice Int+4 Dex+7}
   (You found it in an ice cave)

   [ring of ice]

   It enhances your ice magic.
   Int:       It affects your intelligence (+4).
   Dex:       It affects your dexterity (+7).
   rF:        It makes you vulnerable to fire.
   rC:        It protects you from cold.
 X - the ring of Xynuat {Fly rPois rC+ Int+4}
   (You found it in an ice cave)

   [ring of protection from cold]

   Int:       It affects your intelligence (+4).
   rC:        It protects you from cold.
   rPois:     It protects you from poison.
   Fly:       It grants you flight.
 Z - a +4 ring of evasion
Wands
 o - a wand of flame (54)
 q - a wand of light (32)
 z - a wand of roots (18)
 D - a wand of mindburst (27)
 N - a wand of charming (14)
Scrolls
 b - 5 scrolls of magic mapping
 e - 3 scrolls of butterflies
 f - 13 scrolls of identify
 m - 3 scrolls of fear
 n - 9 scrolls of teleportation
 v - 3 scrolls of poison
 w - 2 scrolls of vulnerability
 y - 4 scrolls of blinking
 A - 2 scrolls of noise
 P - a scroll of summoning
 Q - 2 scrolls of enchant armour
 S - 3 scrolls of acquirement
 T - a scroll of silence
Potions
 d - 9 potions of attraction
 g - 2 potions of haste
 h - 2 potions of flight
 j - a potion of ambrosia
 l - 8 potions of heal wounds
 p - 7 potions of curing
 x - 6 potions of cancellation
 E - a potion of magic
 F - 6 potions of might
 H - 2 potions of mutation
 I - 3 potions of berserk rage
 R - a potion of lignification
Miscellaneous
 u - a lightning rod (4/4)
 G - a tin of tremorstones (2/2)
 U - a phial of floods


   Skills:
 - Level 16.0 Fighting
 - Level 24.0 Axes
 - Level 14.0 Armour
 - Level 12.0 Dodging
 + Level 11.7 Shields


You had 15 spell levels left.
You didn't know any spells.
Your spell library was empty.

Dungeon Overview and Level Annotations

Branches:
Dungeon (14/15)            Temple (0/1) D:6            Lair (5/5) D:9
 Shoals (0/4) Lair:2        Snake (2/4) Lair:3        Slime (0/5) Lair:4
    Orc (0/2) D:10         Vaults (0/5) D:13          Sewer (visited)
 Bailey (visited)           IceCv (visited)         Gauntlet (visited)

Altars:
Ashenzari
Dithmenos
Elyvilon
Gozag
Hepliaklqana
Kikubaaqudgha
Makhleb
Nemelex Xobeh
Okawaru
Qazlal
Ru
Sif Muna
Trog
Uskayaw
Wu Jian
Xom
Lugonu

Shops:
D:1 (   D:4 ?   D:7 [   D:12 [   Snake:2 :*

Annotations:
D:11 2 transporters
D:14 Roxanne


Innate Abilities, Weirdness & Mutations

You have a pair of horns on your head.
You reflexively headbutt those who attack you in melee.


Message History

The dire elephant trumpets!
You slice the deep elf blademaster!!
Your headbutt misses the deep elf blademaster.
The deep elf blademaster is heavily wounded.
The dire elephant trumpets!
The deep elf blademaster hits you but does no damage.
The deep elf blademaster closely misses you.
Your skin crawls.
You feel strong-willed.
The dire elephant trumpets! x2
The deep elf blademaster closely misses you.
The deep elf blademaster completely misses you.
The tengu reaver hits you but does no damage.
You slice the deep elf blademaster!!
The deep elf blademaster is severely wounded.
You catch the helpless dire elephant completely off-guard!
You slice the dire elephant!! Your headbutt misses the dire elephant.
The dire elephant is moderately wounded.
You slice the dire elephant!! You slash the dire elephant!
You headbutt the dire elephant!
The dire elephant is heavily wounded.
You hit the dire elephant.
The tengu reaver hits you from afar with a +0 bardiche!
* * * LOW HITPOINT WARNING * * *
The dire elephant tramples you but does no damage.
The dire elephant trunk-slaps you but does no damage.
The dire elephant closely misses you. You furiously retaliate!
You headbutt the dire elephant. The dire elephant barely misses you.
You slash the dire elephant! You headbutt the dire elephant.
The dire elephant is severely wounded.
You slice the dire elephant!!
You strike the helpless dire elephant from behind!
You open the dire elephant like a pillowcase!!!
You kill the dire elephant!
Trog accepts your kill.
You hit the deep elf blademaster. You slash the dire elephant!
The deep elf blademaster hits you but does no damage.
The deep elf blademaster barely misses you.
The tengu reaver hits you from afar with a +0 bardiche!!
You die... #. ∆ . # #...###### # ## .⌠ #...# #. # .# ##.φ.# .#....# .eQ .
X. . ....♣###Y## §. # ####X. .##.@.# . ..hhhxt

. ♣.#ex.# ~ #
###m.e.○ #...#
≈..
###⌠§R.☼##'##~
♣ #.
.#c§§RY○R⌠⌠⌠.≈♣
# .##⌠ .♣
...♣≈.♣ #°RX .
♣.♣♣ ≈. ..2.°
..♣.~ .. .. #.♣
.≈.


You could see a dire elephant (unable to see you), 2 deep elf blademasters, a
tengu reaver, a worldbinder (wandering, unable to see you) and an efreet (unable
to see you).

Vanquished Creatures
  A profane servitor (Abyss:2)
  A lich (Abyss:4)
  Jorgrun (D:12)
  An Executioner (Abyss:4)
  A sphinx (Abyss:4)
  3 tentacled starspawn
  4 azure jellies
  A rockslime (IceCv)
  A frost giant (D:13)
  2 deep elf sorcerers
  A cacodemon (Abyss:4)
  2 very ugly things (Abyss:4)
  4 quicksilver oozes (IceCv)
  A demonspawn corrupter (Abyss:5)
  A bunyip (Abyss:5)
  The ghost of Murumi the Blocker, a journeyman FoFi of Okawaru (Lair:4)
  A lorocyproca (Abyss:4)
  2 dire elephants
  A minotaur (Gauntlet)
  Josephine (D:12)
  A shambling mangrove (Abyss:5)
  Harold (Lair:2)
  A salamander tyrant (Snake:2)
  2 boulder beetles
  3 rakshasas
  2 ice dragons
  11 hydras
  Fannar (D:10)
  A death knight (Abyss:2)
  2 centaur warriors
  3 anacondas
  8 two-headed ogres
  4 naga warriors
  A tengu warrior (D:13)
  5 death yaks
  A thrashing horror (Abyss:5)
  Sonja (Lair:3)
  Nergalle (Lair:3)
  An iron troll (D:13)
  A goliath frog (Lair:5)
  A sea snake (shapeshifter) (Abyss:5)
  A shadow demon (Abyss:4)
  2 orange crystal statues (IceCv)
  A wizard (Gauntlet)
  A deep elf pyromancer (D:14)
  2 mana vipers (Snake:1)
  3 salamanders
  5 worldbinders
  12 ugly things
  2 orc sorcerers
  6 cyclopes
  6 black mambas
  A guardian serpent (Snake:1)
  An apocalypse crab (Abyss:4)
  18 elephants
  2 torpor snails
  An orange demon (Abyss:5)
  A water nymph (Abyss:5)
  19 cane toads
  A smoke demon (Abyss:5)
  3 gargoyles
  An unseen horror (D:11)
  An unseen horror (shapeshifter) (D:14)
  A demonic crawler (Abyss:4)
  4 rime drakes
  4 kobold demonologists
  10 komodo dragons
  2 freezing wraiths
  2 ancient zymes
  3 meliai (D:14)
  2 merfolk (Lair:2)
  7 trolls
  5 hornets
  3 tyrant leeches (Lair:5)
  Grinder (D:3)
  3 polar bears
  8 raiju (Abyss:5)
  13 large abominations
  19 blink frogs
  26 slime creatures
  3 shadows
  13 starcursed masses (Abyss:5)
  A ynoxinul (Abyss:2)
  5 wraiths
  A water elemental (Abyss:5)
  5 wyverns
  A vampire (D:11)
  5 basilisks
  21 yaks
  5 vampire mosquitoes (Lair:5)
  A neqoxec (Abyss:4)
  A chaos spawn (Abyss:4)
  Menkaure (D:6)
  A small abomination (Abyss:2)
  A steam dragon (Lair:1)
  An acid dragon (D:12)
  Edmund (D:6)
  11 nagas
  10 water moccasins
  12 orc warriors
  A black bear (D:9)
  2 ice beasts
  2 sky beasts
  5 great orb of eyes simulacra (IceCv)
  5 ogres
  9 wolves (Lair:2)
  7 centaurs
  2 slime creature simulacra (IceCv)
  3 phantoms (D:7)
  8 kobold brigands
  16 bullfrogs
  2 necrophages
  6 gnoll sergeants
  5 glowing shapeshifter simulacra (IceCv)
  An earth elemental (Abyss:4)
  4 wights (D:9)
  7 killer bees
  2 howler monkeys
  15 electric eels
  5 hounds
  An iron imp (Abyss:2)
  A jelly (D:5)
  8 orc priests
  Terence (D:2)
  Ijyb (D:3)
  Natasha (thrice) (D:3)
  4 iguanas
  10 orc wizards
  12 adders
  12 gnolls
  A river rat (D:6)
  A shadow imp (Gauntlet)
  3 white imps
  4 worms
  A dart slug (D:1)
  44 orcs
  11 ball pythons
  8 endoplasms
  12 giant cockroaches
  32 goblins
  15 hobgoblins
  14 jackals
  19 kobolds
  5 quokkas
  4 bats
  12 frilled lizards
  7 rats
  A starspawn tentacle (Abyss:4)
740 creatures vanquished.

Vanquished Creatures (collateral kills)
  An orc warlord (Bailey)
  An orc warrior (Bailey)
  A goblin (Bailey)
  A hobgoblin (Bailey)
4 creatures vanquished.

Vanquished Creatures (others)
  A slime creature simulacrum (IceCv)
  A glowing shapeshifter simulacrum (IceCv)
  7 fungi
  A lurking horror (Abyss:2)
  65 plants
  7 starspawn tentacles
  A withered plant (Lair:4)
83 creatures vanquished.

Grand Total: 827 creatures vanquished

Notes
Turn   | Place    | Note
-------+----------+-------------------------------------------
     0 | D:1      | Plasmagod the Minotaur Berserker began the quest for the
                  | Orb.
     0 | D:1      | Reached XP level 1. HP: 19/19 MP: 0/0
   183 | D:1      | Reached skill level 4 in Axes
   194 | D:1      | Reached XP level 2. HP: 20/26 MP: 1/1
   234 | D:1      | Found Noad's Weapon Boutique.
   507 | D:1      | Reached skill level 5 in Axes
   508 | D:1      | Reached ** piety under Trog
   581 | D:1      | Reached XP level 3. HP: 31/31 MP: 2/2
  1070 | D:2      | Reached skill level 6 in Axes
  1070 | D:2      | Reached XP level 4. HP: 36/39 MP: 3/3
  1159 | D:2      | Noticed Terence
  1165 | D:2      | Killed Terence
  1413 | D:3      | Reached *** piety under Trog
  1421 | D:3      | Noticed Natasha
  1429 | D:3      | Killed Natasha
  1430 | D:3      | Reached skill level 7 in Axes
  1430 | D:3      | Reached XP level 5. HP: 45/45 MP: 4/4
  1518 | D:3      | Found a shimmering blue altar of Sif Muna.
  1523 | D:3      | Noticed Natasha
  1529 | D:3      | Killed Natasha
  1691 | D:3      | Noticed Grinder
  1720 | D:3      | Killed Grinder
  1721 | D:3      | Reached skill level 9 in Axes
  1721 | D:3      | Reached XP level 6. HP: 51/51 MP: 5/5
  1769 | D:3      | Noticed Ijyb
  1787 | D:3      | Killed Ijyb
  1905 | D:3      | Found a faded altar of an unknown god.
  2079 | D:3      | Noticed Natasha
  2090 | D:3      | Killed Natasha
  2494 | D:4      | Found Liushryf's Magic Scroll Emporium.
  2516 | D:4      | Reached XP level 7. HP: 49/57 MP: 6/6
  2618 | D:4      | Reached skill level 10 in Axes
  2777 | D:4      | Found a stormy altar of Qazlal.
  2886 | D:4      | Found a hazy altar of Hepliaklqana.
  3122 | D:4      | Found an iron altar of Okawaru.
  3126 | D:4      | Found an opulent altar of Gozag.
  3126 | D:4      | Found a shadowy altar of Dithmenos.
  3128 | D:4      | Found a shimmering altar of Xom.
  3128 | D:4      | Found a shimmering blue altar of Sif Muna.
  3128 | D:4      | Found a sacrificial altar of Ru.
  3172 | D:5      | Entered Level 5 of the Dungeon
  3299 | D:5      | Reached **** piety under Trog
  3308 | D:5      | Reached skill level 11 in Axes
  3465 | D:5      | Reached XP level 8. HP: 64/64 MP: 7/7
  3584 | D:5      | Found a sparkling altar of Nemelex Xobeh.
  3609 | D:5      | Reached skill level 12 in Axes
  4066 | D:5      | Found a bloodstained altar of Trog.
  4145 | D:6      | Noticed Menkaure
  4148 | D:6      | Killed Menkaure
  4294 | D:6      | Noticed Edmund
  4303 | D:6      | Killed Edmund
  4304 | D:6      | Reached skill level 13 in Axes
  4389 | D:6      | Found a glowing drain.
  4397 | Sewer    | Entered a sewer
  4594 | Sewer    | Reached ***** piety under Trog
  4703 | D:6      | Reached skill level 14 in Axes
  4837 | D:6      | Found a broken altar of Ashenzari.
  4855 | D:6      | Found a staircase to the Ecumenical Temple.
  5000 | D:6      | Reached XP level 9. HP: 69/70 MP: 8/8
  5445 | D:7      | Reached skill level 15 in Axes
  5481 | D:7      | Found Duur's Armour Emporium.
  5835 | D:8      | Reached skill level 16 in Axes
  5838 | D:8      | Reached skill level 5 in Fighting
  5851 | D:8      | Found an ornate altar of the Wu Jian Council.
  6124 | D:8      | Found a flagged portal.
  6133 | Bailey   | Entered a bailey
  6286 | Bailey   | Reached XP level 10. HP: 72/86 MP: 9/9
  6399 | Bailey   | Noticed an orc warlord
  6413 | Bailey   | Killed an orc warlord
  6470 | Bailey   | Identified the ring "Wadoweep" {rElec rPois Str-2 Int+8
                  | Slay+2}
  6659 | D:8      | Reached skill level 10 in Fighting
  6765 | D:8      | Found a white marble altar of Elyvilon.
  7089 | D:8      | Acquired the +1 crystal plate armour of Time Monsters
                  | {+Blink rCorr Int-3 Dex+3}
  7192 | D:9      | Noticed a soul eater
  7192 | D:9      | Received a gift from Trog
  7238 | D:9      | Found a hide-covered altar of Uskayaw.
  7325 | D:9      | Found a staircase to the Lair.
  7326 | D:9      | Noticed a two-headed ogre
  7340 | D:9      | Killed a two-headed ogre
  7342 | D:9      | Reached XP level 11. HP: 53/107 MP: 10/10
  7541 | D:9      | Noticed a two-headed ogre
  7543 | D:9      | Killed a two-headed ogre
  7587 | D:9      | Noticed a two-headed ogre
  7594 | D:9      | Killed a two-headed ogre
  7636 | D:9      | Found an ancient bone altar of Kikubaaqudgha.
  7661 | D:10     | Entered Level 10 of the Dungeon
  7749 | D:10     | Noticed Fannar
  7760 | D:10     | Killed Fannar
  7802 | D:10     | Found a burning altar of Makhleb.
  7918 | D:10     | Found a staircase to the Orcish Mines.
  7936 | D:10     | Reached skill level 15 in Fighting
  8329 | D:10     | Found a shadowy altar of Dithmenos.
  8364 | D:10     | Found an opulent altar of Gozag.
  8651 | D:7      | Bought the +1 pair of gloves of Weirdness {Slay+5} for 450
                  | gold pieces
  8880 | D:11     | Reached skill level 5 in Armour
  8937 | D:11     | Noticed a cyan ugly thing
  8945 | D:11     | Killed a cyan ugly thing
  9034 | D:11     | Noticed a two-headed ogre
  9041 | D:11     | Killed a two-headed ogre
  9042 | D:11     | Reached XP level 12. HP: 87/122 MP: 11/11
  9127 | D:11     | Found a corrupted altar of Lugonu.
  9129 | D:11     | Noticed a white very ugly thing
  9179 | D:11     | Found a transporter.
  9180 | D:11     | Found a transporter.
  9186 | D:11     | Noticed a two-headed ogre
  9198 | D:11     | Killed a two-headed ogre
  9218 | D:11     | Noticed a two-headed ogre
  9225 | D:11     | Killed a two-headed ogre
  9414 | D:12     | Noticed an eight-headed hydra
  9417 | D:12     | Noticed a two-headed ogre
  9419 | D:12     | Noticed a seven-headed hydra
  9420 | D:12     | Killed a six-headed hydra
  9423 | D:12     | Killed a two-headed ogre
  9429 | D:12     | Killed a two-headed hydra
  9430 | D:12     | Reached skill level 10 in Armour
  9553 | D:12     | Noticed Jorgrun
  9558 | D:12     | Killed Jorgrun
  9697 | D:12     | Noticed a boulder beetle
  9704 | D:12     | Killed a boulder beetle
  9820 | D:12     | Found Abiemuic's Armour Shoppe.
  9846 | D:12     | Noticed Josephine
  9851 | D:12     | Killed Josephine
  9891 | D:12     | Noticed a four-headed hydra
  9897 | D:12     | Killed a one-headed hydra
 10274 | D:13     | Noticed a two-headed ogre
 10276 | D:13     | Killed a two-headed ogre
 10353 | D:13     | Noticed a six-headed hydra
 10356 | D:13     | Killed a five-headed hydra
 10357 | D:13     | Reached XP level 13. HP: 128/128 MP: 12/12
 10374 | D:13     | Reached skill level 5 in Dodging
 10388 | D:13     | Found a gate to the Vaults.
 10467 | D:13     | Noticed a frost giant
 10474 | D:13     | Killed a frost giant
 11427 | D:14     | Noticed Roxanne
 11436 | D:14     | Received a gift from Trog
 11437 | D:14     | Reached skill level 10 in Dodging
 11678 | D:14     | Found a frozen archway.
 11725 | IceCv    | Entered an ice cave
 11813 | IceCv    | Noticed a quicksilver ooze
 11820 | IceCv    | Killed a quicksilver ooze
 11892 | IceCv    | Noticed a quicksilver ooze
 11898 | IceCv    | Killed a quicksilver ooze
 11990 | IceCv    | Got the ring "Geco" {Ice Int+4 Dex+7}
 12023 | IceCv    | Reached XP level 14. HP: 97/137 MP: 13/13
 12441 | IceCv    | Noticed a quicksilver ooze
 12443 | IceCv    | Reached skill level 17 in Axes
 12453 | IceCv    | Killed a quicksilver ooze
 12478 | IceCv    | Noticed a rockslime
 12489 | IceCv    | Killed a rockslime
 12559 | IceCv    | Found a viscous altar of Jiyva.
 12559 | IceCv    | Noticed an azure jelly
 12569 | IceCv    | Killed an azure jelly
 12571 | IceCv    | Noticed an azure jelly
 12571 | IceCv    | Noticed a quicksilver ooze
 12580 | IceCv    | Killed a quicksilver ooze
 12580 | IceCv    | Killed an azure jelly
 12581 | IceCv    | Reached skill level 18 in Axes
 12681 | IceCv    | Identified the +4 ice dragon scales of Naalaon {Contam rF-
                  | rC++ Int+7 Dex-3}
 12686 | IceCv    | Got the ring of Xynuat {Fly rPois rC+ Int+4}
 12703 | IceCv    | Got the +5 hand axe of Ifon {freeze, Str+3 Int+3}
 13052 | Lair:1   | Entered Level 1 of the Lair of Beasts
 13405 | Lair:1   | Found a gate leading to a gauntlet.
 13414 | Gauntlet | Entered a Gauntlet
 13414 | Gauntlet | Found a large runed translucent door.
 13414 | Gauntlet | Found a large runed translucent door.
 13414 | Gauntlet | Found a large runed translucent door.
 13414 | Gauntlet | Found a large runed translucent door.
 13414 | Gauntlet | Found a large runed translucent door.
 13414 | Gauntlet | Found a transporter.
 13414 | Gauntlet | Found a large runed translucent door.
 13414 | Gauntlet | Found a large runed translucent door.
 13414 | Gauntlet | Found a large runed translucent door.
 13414 | Gauntlet | Found a runed translucent door.
 13414 | Gauntlet | Found a runed translucent gate.
 13414 | Gauntlet | Found a runed translucent gate.
 13414 | Gauntlet | Found a transporter.
 13414 | Gauntlet | Found a transporter.
 13424 | Gauntlet | Found a transporter.
 13427 | Gauntlet | Found a transporter.
 13435 | Gauntlet | Found a transporter.
 13438 | Gauntlet | Found a transporter.
 13442 | Gauntlet | Found a runed translucent door.
 13442 | Gauntlet | Found a runed translucent door.
 13446 | Gauntlet | Found a transporter.
 13464 | Gauntlet | Found a transporter.
 13481 | Gauntlet | Found a transporter.
 13484 | Gauntlet | Found a transporter.
 13494 | Gauntlet | Found a transporter.
 13499 | Gauntlet | Found a runed translucent gate.
 13500 | Gauntlet | Found a large runed translucent door.
 13500 | Gauntlet | Found a large runed translucent door.
 13501 | Gauntlet | Found a large runed translucent door.
 13502 | Gauntlet | Found a large runed translucent door.
 13503 | Gauntlet | Found a large runed translucent door.
 13503 | Gauntlet | Found a large runed translucent door.
 13503 | Gauntlet | Found a runed translucent door.
 13504 | Gauntlet | Found a large runed translucent door.
 13505 | Gauntlet | Found a large runed translucent door.
 13643 | Gauntlet | Reached ****** piety under Trog
 13649 | Gauntlet | Reached skill level 19 in Axes
 13701 | Gauntlet | Identified the ring "Oreismux" {Fly rF+++ Str-4 Int-3
                  | Dex+6}
 14372 | Lair:2   | Received a gift from Trog
 14463 | Lair:2   | Found a staircase to the Shoals.
 14507 | Lair:2   | Reached skill level 20 in Axes
 14782 | Lair:2   | Noticed Harold
 14788 | Lair:2   | Killed Harold
 15101 | Lair:3   | Noticed Sonja
 15174 | Lair:3   | Killed Sonja
 15250 | Lair:3   | Identified the +8 flail of Zienan {drain, Fragile rElec rF+
                  | Stlth+}
 15372 | Lair:3   | Found a staircase to the Snake Pit.
 15596 | Lair:3   | Noticed Nergalle
 15600 | Lair:3   | Reached XP level 15. HP: 141/144 MP: 14/14
 15605 | Lair:3   | Killed Nergalle
 16039 | Lair:4   | Found a runed translucent door.
 16039 | Lair:4   | Noticed an azure jelly
 16043 | Lair:4   | Noticed an azure jelly
 16064 | Lair:4   | Found a staircase to the Slime Pits.
 16075 | Lair:4   | Killed an azure jelly
 16076 | Lair:4   | Reached skill level 21 in Axes
 16077 | Lair:4   | Killed an azure jelly
 16096 | Lair:4   | Found a runed translucent door.
 16096 | Lair:4   | Noticed Murumi's ghost (journeyman FoFi)
 16116 | Lair:4   | Killed Murumi's ghost
 16119 | Lair:4   | Received a gift from Trog
 16673 | Lair:5   | Entered Level 5 of the Lair of Beasts
 16941 | Lair:5   | Reached skill level 22 in Axes
 17391 | Lair:5   | Reached skill level 23 in Axes
 17827 | Snake:1  | Entered Level 1 of the Snake Pit
 19274 | Snake:2  | Found Emaq's Gadget Gallery.
 19294 | Snake:2  | Found Osimet's Tremendous Tomes.
 19344 | Snake:2  | Received a gift from Trog
 19352 | Abyss:2  | Cast into level 2 of the Abyss (salamander)
 19355 | Abyss:2  | Found a corrupted altar of Lugonu.
 19518 | Abyss:2  | Reached skill level 24 in Axes
 19518 | Abyss:2  | Reached skill level 1 in Shields
 19532 | Abyss:2  | Noticed a profane servitor
 19540 | Abyss:2  | Killed a profane servitor
 19642 | Abyss:4  | Found a corrupted altar of Lugonu.
 19668 | Abyss:4  | Noticed a tentacled starspawn
 19673 | Abyss:4  | Killed a tentacled starspawn
 19674 | Abyss:4  | Reached XP level 16. HP: 149/151 MP: 15/15
 19735 | Abyss:4  | Found a shimmering blue altar of Sif Muna.
 19736 | Abyss:4  | Noticed a sphinx
 19745 | Abyss:4  | Killed a sphinx
 19746 | Abyss:4  | Reached skill level 5 in Shields
 19790 | Abyss:4  | Found a shimmering blue altar of Sif Muna.
 19803 | Abyss:4  | Found a corrupted altar of Lugonu.
 19803 | Abyss:4  | Found a shimmering blue altar of Sif Muna.
 19803 | Abyss:4  | Found a corrupted altar of Lugonu.
 19803 | Abyss:4  | Found a shimmering blue altar of Sif Muna.
 19803 | Abyss:4  | Found a corrupted altar of Lugonu.
 19810 | Abyss:4  | Noticed a tentacled starspawn
 19814 | Abyss:4  | Killed a tentacled starspawn
 19831 | Abyss:4  | Noticed a lich
 19856 | Abyss:4  | Killed a lich
 19876 | Abyss:4  | Noticed an Executioner
 19881 | Abyss:4  | Killed an Executioner
 20046 | Abyss:5  | Reached skill level 10 in Shields
 20093 | Abyss:5  | Noticed a tentacled starspawn
 20101 | Abyss:5  | Killed a tentacled starspawn
 20109 | Abyss:5  | Noticed a deep elf blademaster
 20110 | Abyss:5  | HP: 5/151 [starcursed mass/accursed screaming (8)]
 20128 | Abyss:5  | Identified the +10 broad axe of the Puffin {vorpal, rPois
                  | Str+2} (Trog gifted it to you on level 5 of the Abyss)
 20128 | Abyss:5  | Received a gift from Trog
 20150 | Abyss:5  | Noticed a tengu reaver
 20150 | Abyss:5  | Noticed a deep elf blademaster
 20158 | Abyss:5  | Slain by a tengu reaver

Illustrated notes

Levels and vault maps discovered:
D:1:      saegor_arrival_under_anarchy, layout_loops_ring, serial_shops,
          shop_fountains, minmay_3d_cube
D:2:      layout_loops_ring, uniq_terence
D:3:      kennysheep_goblin_castle, layout_basic, nicolae_sif_muna_condensation,
          ebering_ecumenical_altar_rust, dk_noncrumbling_3, uniq_grinder,
          uniq_natasha
D:4:      layout_cave_pods, lemuel_doored_altar, doesnt_xom_only_xom,
          overflow_temple_1_default, serial_shops, nicolae_square_shop
D:5:      cheibrodos_helix_gallery, layout_cave_pods, lemuel_round_altar,
          marbit_many_paths, minmay_misc_feat_ornament, corexii_shack
D:6:      layout_basic, nicolae_ashenzari_skybound,
          minmay_temple_entry_butterflies, gup_sewer_entry_bubbles,
          kennysheep_generic_room_13, uniq_edmund, uniq_menkaure
D:7:      layout_rooms, serial_shops, nicolae_shop_waterfront
D:8:      layout_basic, elyvilon_altar_5, nzn_wu_jian_contemplation,
          enter_bailey_8
D:9:      layout_rooms, nicolae_overflow_hidden_temple,
          mainiacjoe_overflow_alcove_1, david_lair_generic,
          minmay_misc_feat_rugged
D:10:     layout_irregular_city, nicolae_dithmenos_shadow_blocks,
          nicolae_gozag_seed_capital, mainiacjoe_overflow_surrounded_room,
          kennysheep_orc_monster_closet_entryway, uniq_fannar
D:11:     gammafunk_corrupted_shrine, layout_basic, serial_glass,
          glass_columns_a, glass_columns_b
D:12:     layout_loops_ring, serial_shops, nicolae_shop_advertising_works
          [nicolae_subvault_shop_adworks], kennysheep_generic_room_14,
          uniq_jorgrun, uniq_josephine
D:13:     nooodl_glass_maze, layout_loops_corners, david_vaults_4, drop_trap,
          minmay_three_doors
D:14:     layout_loops_ring, portal_ice_cave_entry_dragon,
          nicolae_uskayaw_en_pointe, uniq_rupert, uniq_louise, uniq_roxanne
Lair:1:   layout_hall_layers, gauntlet_entry_generic
Lair:2:   layout_regular_city, elwin_shoals_entry_rooms, serial_bayou_shore_a,
          uniq_harold
Lair:3:   layout_cave_pods, minmay_snake_entry_guardpost_small,
          grunt_forest_small_clearing_treed, uniq_nergalle, uniq_sonja
Lair:4:   layout_small_grid, slime_entry_2, gammafunk_ghost_grave,
          grunt_forest_small_clearings, chequers_serial_rivers_room_b
Lair:5:   minmay_lair_end_frog_pond, layout_gridlike, serial_bayou,
          serial_bayou_pond_d, serial_bayou_lagoon_b, serial_bayou_lake_a,
          serial_bayou_pond_b
Snake:1:  layout_layer_cave, special_room
Snake:2:  layout_basic, nicolae_snake_serpentine_hallways,
          nicolae_shop_i_like_big_books, nicolae_shop_gadgets, uniq_aizul,
          uniq_nikola
Abyss:5:  base: D:12, small_statue_intersection, evilmike_abyss_exit_glass,
          hangedman_abyss_or_decor_clamps, minivault_19, lemuel_flamethrower_3,
          minivault_19, bh_silent_lugonu_exit,
          grunt_abyss_rune_forest_and_sorcery,
          grunt_abyss_rune_forest_and_sorcery, spicy_abyss_pitcher_plant,
          eino_small_chamber_without_monster

Skill      XL: |  1  2  3  4  5  6  7  8  9 10 11 12 13 14 15 16 |
---------------+-------------------------------------------------+-----
Axes           | 4 5 6 7 9 11 14 16 20 24 | 24.0
Fighting       | 7 13 16 | 16.0
Armour         | 7 14 | 14.0
Dodging        | 4 12 | 12.0
Shields        | 3 11 | 11.7

Action                   |  1- 3 |  4- 6 |  7- 9 | 10-12 | 13-15 | 16-18 || total
-------------------------+-------+-------+-------+-------+-------+-------++-------
Melee: Hand axe          |   109 |   121 |   418 |    42 |       |       ||   690
       Headbutt          |    15 |    20 |    58 |    49 |   150 |    48 ||   340
       Punch             |       |     1 |     6 |       |       |       ||     7
       Executioner's axe |       |       |       |   195 |   515 |   156 ||   866
       Battleaxe         |       |       |       |    19 |   130 |       ||   149
       Broad axe         |       |       |       |       |       |     7 ||     7
Throw: Throwing net      |       |       |       |       |       |     1 ||     1
Invok: Berserk           |       |     4 |     9 |    11 |    13 |     2 ||    39
       Trog's Hand       |       |       |       |     3 |     2 |     4 ||     9
       Brothers in Arms  |       |       |       |     1 |       |     1 ||     2
Evoke: Lightning rod     |       |       |       |       |     4 |       ||     4
  Use: Scroll            |       |       |     1 |    20 |     8 |     2 ||    31
       Potion            |       |       |       |     2 |       |    10 ||    12
 Stab: Invisible         |       |       |       |       |       |     3 ||     3
Armor: Animal skin       |    15 |    17 |       |       |       |       ||    32
       Plate armour      |       |     9 |    50 |       |       |       ||    59
       Scale mail        |       |       |    64 |    11 |       |       ||    75
       Crystal plate arm |       |       |       |   219 |   386 |    79 ||   684
       Ice dragon scales |       |       |       |       |    47 |       ||    47
Dodge: Dodged            |    55 |    56 |   150 |    84 |   313 |    48 ||   706

Table legend: (Time is in decaauts)
 A = Elapsed time spent in this place.
 B = Non-inter-level travel time spent in this place.
 C = Inter-level travel time spent in this place.
 D = Time resting spent in this place.
 E = Time spent auto-exploring this place.
 F = Levels seen in this place.
 G = Mean time per level.
                   A        B        C        D        E       F      G
               +--------+--------+--------+--------+--------+-----+--------+
         Total |  20384 |  19439 |    945 |    795 |  13370 |  29 |  702.9 |
       Dungeon |  11554 |  10867 |    687 |    137 |   8357 |  14 |  825.3 |
          Lair |   4510 |   4274 |    236 |     97 |   3205 |   5 |  902.0 |
     Snake Pit |   1509 |   1488 |     21 |      0 |   1345 |   2 |  754.5 |
         Abyss |    750 |    750 |      0 |      0 |      0 |   4 |  187.5 |
         Sewer |    250 |    250 |      0 |      0 |     84 |   1 |  250.0 |
        Bailey |    361 |    361 |      0 |      0 |    176 |   1 |  361.0 |
      Ice Cave |   1074 |   1074 |      0 |    531 |     75 |   1 | 1074.0 |
      Gauntlet |    372 |    372 |      0 |     29 |    127 |   1 |  372.0 |
               +--------+--------+--------+--------+--------+-----+--------+

Top non-repeatable levels by time:
 Snake:1: 1308 daAuts
    D:13: 1277 daAuts
  Lair:5: 1124 daAuts
   IceCv: 1074 daAuts
     D:3: 1065 daAuts
     D:5: 959 daAuts
    D:10: 954 daAuts
     D:8: 951 daAuts
  Lair:3: 917 daAuts
     D:6: 869 daAuts
  Lair:2: 867 daAuts
  Lair:1: 842 daAuts
    D:12: 830 daAuts
  Lair:4: 758 daAuts
     D:4: 738 daAuts
